 Dungeon Crawl Stone Soup version 0.31-a0-978-g1e143483b6 (webtiles) character file.

Game seed: 10253438973362646648

1365 sammy202020 the Trooper (level 8, 52/52 HPs)
             Began as a Gargoyle Berserker on Oct 31, 2023.
             Was a Priest of Trog.
             Quit the game on level 2 of the Dungeon.
             The game lasted 00:09:25 (4292 turns).

sammy202020 the Trooper (Gargoyle Berserker)        Turns: 4292, Time: 00:09:25

Health: 52/52      AC: 16    Str: 21    XL:     8   Next: 65%
Magic:  8/8        EV: 17    Int: 14    God:    Trog [***...]
Gold:   118        SH:  0    Dex:  9    Spells: 7/7 levels left

rFire   . . .        o - +0 flail
rCold   . . .        (no shield)
rNeg    + + .        s - +4 toga "Victory" {*Victory Int+4 Slay+4 Clar}
rPois   ∞            j - +2 helmet
rElec   +            v - +1 cloak
rCorr   .            (no gloves)
SInv    .            (no boots)
Will    .....        r - amulet of regeneration
Stlth   +            m - ring of positive energy
HPRegen 1.08/turn    u - +5 ring of evasion
MPRegen 0.11/turn

%: clarity
@: no status effects
A: sickness immunity, AC +5, negative energy resistance 1, electricity
resistance, torment resistance 1, petrification resistance, deformed body, sense
surroundings 1, wild magic 1
a: Renounce Religion, Berserk, Trog's Hand


You were on level 2 of the Dungeon.
You worshipped Trog.
Trog was most pleased with you.
You visited 1 branch of the dungeon, and saw 5 of its levels.

You collected 310 gold pieces.
You spent 192 gold pieces at shops.

Inventory:

Hand Weapons
 o - a +0 flail (weapon)
Armour
 j - a +2 helmet (worn)
 q - a +0 plate armour
 s - the +4 toga "Victory" (worn) {*Victory Int+4 Slay+4 Clar}
   (You found it on level 3 of the Dungeon)

   *Victory:  When the wearer kills a threatening monster, it has a chance to
   gain +1 AC, +1 Slay, and +1 Int, capping at +7.
   When the wearer uses a scroll or a potion with a hostile monster in sight,
   its bonuses reset to +0.
   Unequipping it also resets its bonuses to +0.
   Int+4:     It affects your intelligence (+4).
   Slay+4:    It affects your accuracy & damage with ranged weapons and melee
   (+4).
   Clar:      It protects you from confusion, rage, mesmerisation and fear.
 v - a +1 cloak (worn)
Jewellery
 d - an amulet of guardian spirit
 g - a +6 ring of dexterity
 h - a ring of ice
 m - a ring of positive energy (left hand)
 r - an amulet of regeneration (around neck)
 u - a +5 ring of evasion (right hand)
Wands
 a - a wand of light (7)
Scrolls
 l - a scroll of torment
 t - a scroll of poison
Potions
 b - 2 potions of brilliance
 c - 4 potions of enlightenment
 e - a potion of experience {unknown}
 f - 2 potions of lignification
 i - a potion of magic {unknown}
 k - a potion of heal wounds {unknown}
 n - a potion of haste {unknown}
 p - 3 potions of might {unknown}
 w - a potion of cancellation {unknown}


   Skills:
 * Level 6.9 Fighting
 * Level 6.2 Maces & Flails
 * Level 6.3 Armour
 + Level 3.5 Dodging


You had 7 spell levels left.
You didn't know any spells.
Your spell library was empty.

Dungeon Overview and Level Annotations

Branches:
Dungeon (5/15)             Temple (0/1) D:4

Altars:
Okawaru

Shops:
D:2 !


Innate Abilities, Weirdness & Mutations

You are immune to sickness and miasma.
Your stone body is resilient. (AC +5)
You are immune to poison.
You resist negative energy. (rN+)
You are resistant to electric shocks. (rElec)
You are resistant to unholy torment.
You are immune to petrification.
Armour fits poorly on your strangely shaped body.
You passively map a small area around you.
Your spells are a little harder to cast, but a little more powerful.


Message History

The gnoll is moderately wounded.
The gnoll hits you but does no damage.
You sock the gnoll!
You kill the gnoll!
Trog accepts your kill.
You see here a +0 spear.
Things that are here:
a +0 flail; a gnoll corpse
Items here: ))) [ †.
You see here a +0 quarterstaff.
Okay, then.
You start resting.
HP restored.
You start waiting.
Done waiting.
Okay, then.
There is a stone staircase leading up here.
You climb upwards.
There is a stone staircase leading down here.
There is a stone staircase leading up here.
You climb upwards.
There is a stone staircase leading down here.
You see here a book of Frost.
You see here a +0 club.
There is a stone staircase leading up here.
You climb upwards.
There is a stone staircase leading down here.
There is an entrance to Ehikiur's Distillery here.
x - 2 potions of mutation Thank you for shopping at Ehikiur's Distillery!
You can access your shopping list by pressing '$'.
Okay, then.
You feel extremely strange.
Iridescent scales grow over part of your body.
You feel yourself wasting away.
You feel clever.
You feel extremely strange.
You feel healthier.
Your iridescent scales disappear.
You feel stupid.
You feel less in control of your magic.
Your body twists and deforms.
You feel a strange attunement to the structure of the dungeons.
Are you sure you want to abandon this character and quit the game? (Confirm with "yes".)

#...########..#
..#......###.##
#...###...##.#####
.................#
..<####...####.#.# .......#.##
#.#.# ...###.#.#####.#.#######
..>###.#.##............#######
...##....##.....@............#
......#..##.##..∩#########.#.#
[..##....##.##.#.###### ##.#.#
##.###.#.......<......###..#.#
##.###...................#.#.#
.........##.##>...###.###..#.#
##.########.##.....##.# #..#.#
##.................##.# #..#.#
.########...##.....##.# #..#.#


There were no monsters in sight!

Vanquished Creatures
  Grinder (D:3)
  The ghost of demibob the Charlatan, an amateur DECK of Xom (D:4)
  A water moccasin (D:3)
  A black bear (D:3)
  2 centaurs
  A howler monkey (D:4)
  2 jellies (D:4)
  A hound (D:5)
  2 gnoll boudas
  Crazy Yiuf (D:3)
  3 iguanas
  2 sleepcaps
  Ijyb (D:3)
  An orc wizard (D:5)
  Robin (D:4)
  13 gnolls
  6 adders
  A white imp (D:5)
  2 worms (D:2)
  2 dart slugs
  11 orcs
  2 bats
  9 endoplasms
  2 giant cockroaches
  15 goblins
  6 hobgoblins
  2 jackals (D:3)
  5 quokkas
  7 ball pythons
  4 frilled lizards (D:3)
  7 kobolds
  3 rats
118 creatures vanquished.

Notes
Turn   | Place    | Note
-------+----------+-------------------------------------------
     0 | D:1      | sammy202020 the Gargoyle Berserker began the quest for the
                  | Orb.
     0 | D:1      | Reached XP level 1. HP: 14/14 MP: 1/1
   109 | D:1      | Found a faded altar of an unknown god.
   912 | D:2      | Reached XP level 2. HP: 9/19 MP: 0/2
  1080 | D:2      | Reached XP level 3. HP: 15/24 MP: 0/3
  1549 | D:2      | Reached ** piety under Trog
  1627 | D:2      | Found Ehikiur's Distillery.
  1634 | D:2      | HP: 1/24 [worm (4)]
  1881 | D:3      | Noticed Grinder
  1881 | D:3      | Paralysed by Grinder for 4 turns
  1890 | D:3      | Paralysed by Grinder for 2 turns
  1901 | D:3      | Killed Grinder
  1902 | D:3      | Reached XP level 4. HP: 30/30 MP: 2/4
  1902 | D:3      | Reached XP level 5. HP: 34/34 MP: 2/5
  1902 | D:3      | Reached XP level 6. HP: 39/39 MP: 2/6
  2140 | D:3      | Noticed Ijyb
  2151 | D:3      | Killed Ijyb
  2537 | D:3      | Noticed a black bear
  2537 | D:3      | Noticed a water moccasin
  2554 | D:3      | Killed a water moccasin
  2555 | D:3      | Reached skill level 5 in Fighting
  2563 | D:3      | Killed a black bear
  2564 | D:3      | Reached XP level 7. HP: 44/44 MP: 4/7
  2744 | D:3      | Found an iron altar of Okawaru.
  2746 | D:3      | Found a runed translucent door.
  2750 | D:3      | Found the +0 toga "Victory" {*Victory Clar}
  2758 | D:3      | Reached skill level 5 in Maces & Flails
  2772 | D:3      | Reached skill level 5 in Armour
  3116 | D:3      | Found a runed translucent door.
  3117 | D:3      | Noticed Crazy Yiuf
  3220 | D:3      | Killed Crazy Yiuf
  3336 | D:4      | Noticed demibob's ghost (amateur DECK)
  3521 | D:4      | Reached XP level 8. HP: 51/51 MP: 8/8
  3563 | D:4      | Found a runed translucent door.
  3597 | D:4      | Killed demibob's ghost
  3709 | D:4      | Found a staircase to the Ecumenical Temple.
  3784 | D:4      | Found Okkumoje's General Store.
  3873 | D:4      | Noticed Robin
  3881 | D:4      | Killed Robin
  3927 | D:5      | Entered Level 5 of the Dungeon
  3948 | D:5      | Reached *** piety under Trog
  4289 | D:2      | Bought 2 potions of mutation for 192 gold pieces
  4290 | D:2      | Gained mutation: You are partially covered in iridescent
                  | scales. (AC +2) [potion of mutation]
  4290 | D:2      | Gained mutation: Your body sometimes deteriorates upon
                  | taking damage. [potion of mutation]
  4290 | D:2      | Gained mutation: Your mind is acute. (Int +4, Str/Dex -1)
                  | [potion of mutation]
  4291 | D:2      | Lost mutation: Your body sometimes deteriorates upon taking
                  | damage. [potion of mutation]
  4291 | D:2      | Lost mutation: You are partially covered in iridescent
                  | scales. (AC +2) [potion of mutation]
  4291 | D:2      | Lost mutation: Your mind is acute. (Int +4, Str/Dex -1)
                  | [potion of mutation]
  4291 | D:2      | Gained mutation: Your spells are a little harder to cast,
                  | but a little more powerful. [potion of mutation]
  4291 | D:2      | Gained mutation: Armour fits poorly on your strangely
                  | shaped body. [potion of mutation]
  4291 | D:2      | Gained mutation: You passively map a small area around you.
                  | [potion of mutation]
  4292 | D:2      | Quit the game

Illustrated notes

Levels and vault maps discovered:
D:1:      lightli_arrival_lavapool, layout_basic,
          shapermc_ecumenical_altar_mp_vishouse, serial_park_tiny_1,
          palyth_stone_intersect
D:2:      minmay_evil_eye, layout_loops_ring, serial_shops, shop,
          feat_on_display
D:3:      layout_loops_ring, nicolae_overflow_guarded_unrand_okawaru_victory,
          minmay_divided_ellipse, uniq_crazy_yiuf_cottage, uniq_grinder,
          uniq_ijyb
D:4:      layout_basic, minmay_temple_entry_junction,
          hellmonk_ghost_happy_afterlife, serial_shops, shop, uniq_robin
D:5:      layout_basic, chequers_serial_rivers_micro_c,
          nicolae_figureground_sparkle

Skill      XL: |  1  2  3  4  5  6  7  8 |
---------------+-------------------------+-----
Armour         | 4 5 6 |  6.3
Fighting       | 4 5 6 |  6.9
Maces & Flails | 4 5 6 |  6.2
Dodging        | 2 3 |  3.5

Action                     |  1- 3 |  4- 6 |  7- 9 || total
---------------------------+-------+-------+-------++-------
  Melee: Mace              |   101 |     3 |       ||   104
         Punch             |     1 |       |     2 ||     3
         Flail             |       |    73 |   267 ||   340
 Invoke: Berserk           |     1 |     2 |     2 ||     5
         Trog's Hand       |       |     1 |     1 ||     2
    Use: Scroll            |     2 |       |     8 ||    10
         Potion            |       |       |     2 ||     2
   Stab: Sleeping          |     2 |       |     1 ||     3
 Armour: Animal skin       |    42 |       |       ||    42
         Leather armour    |    17 |    26 |       ||    43
         Plate armour      |       |    40 |    80 ||   120
         Robe              |       |       |   150 ||   150
  Dodge: Dodged            |    57 |    51 |   312 ||   420

Table legend: (Time is in decaauts)
 A = Elapsed time spent in this place.
 B = Non-inter-level travel time spent in this place.
 C = Inter-level travel time spent in this place.
 D = Time resting spent in this place.
 E = Time spent auto-exploring this place.
 F = Levels seen in this place.
 G = Mean time per level.
                   A        B        C        D        E       F      G
               +--------+--------+--------+--------+--------+-----+--------+
         Total |   4395 |   4286 |    109 |    716 |   2362 |   5 |  879.0 |
       Dungeon |   4395 |   4286 |    109 |    716 |   2362 |   5 |  879.0 |
               +--------+--------+--------+--------+--------+-----+--------+

Top non-repeatable levels by time:
     D:3: 1529 daAuts
     D:2: 1000 daAuts
     D:1: 878 daAuts
     D:4: 689 daAuts
     D:5: 297 daAuts
